 Dungeon Crawl Stone Soup version 0.31-a0-1057-g70f3316b05 (webtiles) character file.

Game seed: 13996832946951288423

4536 Avanven the Grappler (level 10, -2/53 HPs)
             Began as a Vine Stalker Fighter on Nov 20, 2023.
             Was an Initiate of Ru.
             Succumbed to a hornet's poison
             ... on level 9 of the Dungeon.
             The game lasted 00:13:13 (7044 turns).

Avanven the Grappler (Vine Stalker Fighter)         Turns: 7044, Time: 00:13:14

Health: -2/53      AC: 15    Str: 23    XL:     10   Next: 40%
Magic:  2/11       EV:  9    Int:  8    God:    Ru [......]
Gold:   466        SH:  5    Dex: 20    Spells: 9/9 levels left

rFire   + .          .
                       - Unarmed
rCold   + . .        b - +0 buckler
rNeg    . . .        a - +0 scale mail
rPois   +            (no helmet)
rElec   +            r - +0 cloak
rCorr   +            s - +0 pair of gloves
SInv    .            i - +0 pair of boots
Will    +....        u - amulet of magic regeneration Stlth
                     h - +4 ring of protection
HPRegen 1.08/turn    t - +6 ring of dexterity
MPRegen 0.52/turn

%: guardian spirit
@: lethally poisoned (-2 -> -6), resistant, slowed, very slow
A: fangs 3, regeneration 1, magic shield, antimagic bite, no potion heal 2
a: Renounce Religion


You were on level 9 of the Dungeon.
You worshipped Ru.
Ru was noncommittal.
You visited 2 branches of the dungeon, and saw 10 of its levels.
You also visited: Sewer.

You collected 466 gold pieces.

Inventory:

Armour
 a - a +0 scale mail (worn)
 b - a +0 buckler (worn)
 i - a +0 pair of boots (worn)
 r - a +0 cloak (worn)
 s - a +0 pair of gloves (worn)
Jewellery
 h - a +4 ring of protection (left hand)
 q - a ring of ice
 t - a +6 ring of dexterity (right hand)
 u - an amulet of magic regeneration (around neck)
 z - a +5 ring of evasion
Talismans
 k - a serpent talisman
Wands
 y - a wand of charming (1)
Scrolls
 c - a scroll of blinking
 f - a scroll of silence
 n - a scroll of fog
 p - 4 scrolls of vulnerability
 v - a scroll of poison
 w - 2 scrolls of teleportation
 A - 2 scrolls of identify
Potions
 d - 2 potions of magic
 e - 2 potions of curing
 g - a potion of resistance
 j - 5 potions of enlightenment
 l - 2 potions of attraction {unknown}
 m - 6 potions of heal wounds {unknown}
 o - 2 potions of mutation {unknown}
 x - a potion of cancellation {unknown}
 B - a potion of haste {unknown}


   Skills:
 - Level 5.9 Fighting
 + Level 7.0 Armour
 - Level 2.6 Shields
 * Level 11.2 Unarmed Combat
 + Level 1.8 Shapeshifting


You had 9 spell levels left.
You didn't know any spells.
Your spell library contained the following spells:

 Spells                   Type           Power      Damage    Failure   Level
 Sandblast                Erth           0%         2d4       77%         1
 Summon Small Mammal      Summ           0%         N/A       77%         1
 Cigotuvi's Dreadful Rot  Necr/Pois/Air  0%         N/A       88%         2
 Passwall                 Tmut/Erth      0%         N/A       88%         2
 Poisonous Vapours        Pois/Air       0%         N/A       88%         2
 Call Canine Familiar     Summ           0%         N/A       98%         3
 Dazzling Flash           Conj/Hex       0%         N/A       98%         3
 Hailstorm                Conj/Ice       0%         3d3       98%         3
 Ignite Poison            Fire/Tmut/Pois 0%         N/A       98%         3
 Ozocubu's Armour         Ice            0%         N/A       98%         3
 Stone Arrow              Conj/Erth      0%         3d7       98%         3
 Summon Guardian Golem    Hex/Summ       0%         N/A       98%         3
 Brom's Barrelling Bould  Conj/Erth      0%         2d3       100%        4
 Summon Ice Beast         Ice/Summ       0%         N/A       100%        4
 Summon Lightning Spire   Summ/Air       0%         N/A       100%        4
 Agony                    Necr           0%         N/A       100%        5
 Freezing Cloud           Conj/Ice/Air   0%         6-21      100%        5
 Silence                  Hex/Air        0%         N/A       100%        5
 Yara's Violent Unravell  Hex/Tmut       0%         3d3       100%        5
 Eringya's Noxious Bog    Tmut/Pois      0%         4d6       100%        6
 Simulacrum               Ice/Necr       0%         N/A       100%        6
 Ozocubu's Refrigeration  Ice            0%         4d7       100%        7


Dungeon Overview and Level Annotations

Branches:
Dungeon (9/15)             Temple (1/1) D:7           Sewer (visited)
   Lair: D:8-11         Orc: D:9-12

Altars:
Ashenzari
Dithmenos
Elyvilon
Fedhas
Gozag
Hepliaklqana
Kikubaaqudgha
Makhleb
Nemelex Xobeh
Okawaru
Qazlal
Ru
Trog
Uskayaw
Vehumet
Wu Jian
Xom
Yredelemnul
Zin
The Shining One

Shops:
D:4 [

Annotations:
D:8 3 runed translucent doors, Dwachs's ghost, weakling FoFi


Innate Abilities, Weirdness & Mutations

You have razor-sharp teeth.
Your natural rate of healing is unusually fast.
When hurt, damage is shared between your health and your magic reserves.
Your bite disrupts and absorbs the magic of your enemies.
Potions cannot restore your health.


Message History

You see here a +0 short sword.
You punch the gnoll! You bite the gnoll.
You kill the gnoll!
You punch the orc!
You kill the orc!
An orc wizard comes into view. It is wielding a +0 dagger.
The orc wizard gestures at you while chanting.
The magic dart hits you! The hornet stings you!
You feel yourself slow down.
Items here: $ ( )) [ †.
The hornet stings you.
You are poisoned.
You feel as though you will be slow longer.
You see here a +0 short sword.
You feel very sick.
The hornet stings you but does no damage.
The hornet stings you.
You feel as though you will be slow longer.
Things that are here:
a +0 falchion; a warg corpse You feel sick.
The hornet attacks as it pursues you!
The hornet stings you but does no damage.
The hornet stings you.
You feel as though you will be slow longer.
You closely miss the hornet. Your bite misses the hornet.
You feel sick. The hornet stings you.
You feel as though you will be slow longer.
Your system rejects the healing.
You feel better. The hornet stings you!
* * * LOW HITPOINT WARNING * * *
You are poisoned.
You suddenly lose the ability to move!
The hornet stings you.
* * * LOW HITPOINT WARNING * * *
You feel as though you will be slow longer.
An orc comes into view. It is wielding a +0 falchion.
The hornet stings you!
* * * LOW HITPOINT WARNING * * *
You feel as though you will be slow longer.
You can move again.
It was a potion of resistance.
You feel protected.
You die...

##..... .. ....#
....... .. .o..##
#...... .##.....
####... ..... # ## ##
#..# # ..##o# #
#.##D# #### #.##y###
...# #.##@#.+ ##.#
#.....[# ##)#
#.###..#.### ##)#
#........#
##<##########..###.+
#..................#
..#...........<###...
....############ #
#####


You could see a hornet, an acid dragon, an orc wizard and an orc (wandering).

Vanquished Creatures
  An arcanist (D:9)
  A wyvern (D:8)
  A shadow (D:9)
  A steam dragon (D:8)
  Menkaure (D:7)
  A warg (D:9)
  Duvessa (D:6)
  2 water moccasins
  An ice beast (D:6)
  5 orc warriors
  2 black bears (D:6)
  3 ogres
  3 centaurs
  A phantom (D:5)
  4 bullfrogs
  4 scorpions
  Dowan (D:6)
  4 wights (D:8)
  4 killer bees (D:8)
  A howler monkey (D:8)
  A crimson imp (D:9)
  5 orc priests
  A jelly (D:6)
  4 iguanas
  8 orc wizards
  4 gnolls
  11 adders
  5 river rats (Sewer)
  A shadow imp (D:6)
  A white imp (D:6)
  2 ufetubi (D:6)
  2 worms
  3 dart slugs
  33 orcs
  8 endoplasms
  5 giant cockroaches
  8 goblins
  8 hobgoblins
  2 jackals (D:3)
  9 kobolds
  A quokka (D:2)
  8 ball pythons
  2 bats
  6 frilled lizards
  16 rats
196 creatures vanquished.

Vanquished Creatures (others)
  An orc wizard (D:9)
1 creature vanquished.

Grand Total: 197 creatures vanquished

Notes
Turn   | Place    | Note
-------+----------+-------------------------------------------
     0 | D:1      | Avanven the Vine Stalker Fighter began the quest for the
                  | Orb.
     0 | D:1      | Reached XP level 1. HP: 11/11 MP: 2/2
    76 | D:1      | Reached XP level 2. HP: 16/16 MP: 3/3
   523 | D:1      | Reached XP level 3. HP: 17/19 MP: 2/4
  1049 | D:2      | Reached skill level 3 in Unarmed Combat
  1514 | D:3      | Found a bloodstained altar of Trog.
  1665 | D:3      | You fall into a shaft and drop 3 floors!
  1735 | D:6      | Reached XP level 4. HP: 24/24 MP: 5/5
  1869 | D:5      | Entered Level 5 of the Dungeon
  1913 | D:5      | Noticed a phantom
  1946 | D:5      | Killed a phantom
  1947 | D:5      | Reached skill level 4 in Unarmed Combat
  1947 | D:5      | Reached XP level 5. HP: 28/28 MP: 6/6
  1990 | D:5      | Reached skill level 5 in Unarmed Combat
  1990 | D:5      | Reached XP level 6. HP: 25/32 MP: 4/7
  2022 | D:5      | Got the Incunable of the Transforming Tempest
  2055 | D:5      | Found a glowing drain.
  2098 | Sewer    | Entered a sewer
  2717 | D:5      | Reached XP level 7. HP: 29/36 MP: 6/8
  2743 | D:4      | Reached skill level 6 in Unarmed Combat
  2860 | D:4      | Found Ebuhos's Armour Shoppe.
  3528 | D:3      | Found a broken altar of Ashenzari.
  4060 | D:5      | Reached skill level 7 in Unarmed Combat
  4173 | D:5      | Gained mutation: You have razor-sharp teeth. [Vine Stalker
                  | growth]
  4173 | D:5      | Reached XP level 8. HP: 40/40 MP: 9/9
  4519 | D:6      | Reached skill level 5 in Armour
  4579 | D:6      | Noticed Duvessa
  4579 | D:6      | Noticed Dowan
  4592 | D:6      | Killed Duvessa
  4601 | D:6      | Reached skill level 8 in Unarmed Combat
  4607 | D:6      | Killed Dowan
  5117 | D:7      | Reached XP level 9. HP: 46/46 MP: 10/10
  5137 | D:7      | Found a staircase to the Ecumenical Temple.
  5141 | D:7      | Identified the +0 leather armour "Relegoff" {Dex+6 Stlth+}
  5154 | Temple   | Entered the Ecumenical Temple
  5164 | Temple   | Became a worshipper of Ru the Awakened
  5235 | D:7      | Noticed Menkaure
  5247 | D:7      | Reached skill level 9 in Unarmed Combat
  5250 | D:7      | Killed Menkaure
  5699 | D:8      | Noticed a cyclops
  5700 | D:8      | Noticed Dwachs's ghost (weakling FoFi)
  5710 | D:8      | Noticed a cyclops
  5771 | D:8      | Reached skill level 5 in Fighting
  5947 | D:8      | Reached skill level 10 in Unarmed Combat
  6012 | D:8      | Found a runed translucent gate.
  6012 | D:8      | Found a runed translucent gate.
  6013 | D:8      | Found a runed translucent gate.
  6223 | D:8      | Reached XP level 10. HP: 34/53 MP: 7/11
  6837 | D:9      | Reached skill level 1 in Shapeshifting
  6942 | D:9      | Noticed an arcanist
  6953 | D:9      | Killed an arcanist
  6954 | D:9      | Reached skill level 11 in Unarmed Combat
  7043 | D:9      | Paralysed by a hornet for 1 turns
  7043 | D:9      | HP: 1/53 [hornet (8)]
  7044 | D:9      | Succumbed to a hornet's poison

Illustrated notes

Levels and vault maps discovered:
D:1:      spicycebolla_arrival_xxxplode, layout_basic, minmay_pentomino_z2
D:2:      layout_rooms, hangedman_decor_diamond_cutter
D:3:      layout_loops_cross, mainiacjoe_overflow_catch_the_wave,
          grunt_decor_fettered
D:4:      layout_loops_ring, serial_shops, shop_statue
D:5:      layout_rooms, gup_sewer_entry_glass, saegor_snake_ambush
D:6:      layout_loops_corners, grunt_ministairs_7, uniq_duvessa
D:7:      layout_rooms, minmay_temple_entry_glass,
          serial_library_regret_index_double_sided, uniq_menkaure
D:8:      layout_basic, gammafunk_ghost_split
D:9:      layout_loops_ring, mainiacjoe_overflow_six_doors_small,
          cheibriados_altar_1, erik_orc_4, lightli_wizard_tower
Temple:   nicolae_temple_bog_church

Skill      XL: |  1  2  3  4  5  6  7  8  9 10 |
---------------+-------------------------------+-----
Fighting       | 3 4 5 |  5.9
Unarmed Combat | 3 4 5 7 8 10 11 | 11.2
Armour         | 3 4 5 6 7 |  7.0
Shapeshifting  | 1 |  1.8
Shields        | |  2.6

Action                     |  1- 3 |  4- 6 |  7- 9 | 10-12 || total
---------------------------+-------+-------+-------+-------++-------
  Melee: Unarmed           |   126 |   143 |   303 |    88 ||   660
         Bite              |    27 |    48 |    87 |    22 ||   184
 Invoke: Reject Sacrifices |       |       |     1 |       ||     1
    Use: Scroll            |       |     5 |     7 |       ||    12
         Potion            |       |     1 |     2 |     2 ||     5
 Armour: Scale mail        |    61 |    72 |   193 |    71 ||   397
  Dodge: Dodged            |    40 |    51 |   101 |    22 ||   214
  Block: Buckler           |    23 |    25 |    75 |    16 ||   139

Table legend: (Time is in decaauts)
 A = Elapsed time spent in this place.
 B = Non-inter-level travel time spent in this place.
 C = Inter-level travel time spent in this place.
 D = Time resting spent in this place.
 E = Time spent auto-exploring this place.
 F = Levels seen in this place.
 G = Mean time per level.
                   A        B        C        D        E       F      G
               +--------+--------+--------+--------+--------+-----+--------+
         Total |   7068 |   6824 |    244 |    333 |   5056 |  11 |  642.5 |
       Dungeon |   6517 |   6273 |    244 |    333 |   4742 |   9 |  724.1 |
        Temple |     17 |     17 |      0 |      0 |      0 |   1 |   17.0 |
         Sewer |    534 |    534 |      0 |      0 |    313 |   1 |  534.0 |
               +--------+--------+--------+--------+--------+-----+--------+

Top non-repeatable levels by time:
     D:1: 983 daAuts
     D:6: 859 daAuts
     D:8: 822 daAuts
     D:5: 776 daAuts
     D:3: 741 daAuts
     D:4: 733 daAuts
     D:7: 566 daAuts
   Sewer: 534 daAuts
     D:2: 517 daAuts
     D:9: 515 daAuts
  Temple: 17 daAuts
